 Dungeon Crawl Stone Soup version 0.21.1-1-g345015f (webtiles) character file.

65 shakethe the Skirmisher (level 3, -1/29 HPs)
             Began as a Demonspawn Fighter on Feb 24, 2018.
             Succumbed to an orc's poison
             ... on level 2 of the Dungeon.
             The game lasted 00:02:41 (1732 turns).

shakethe the Skirmisher (Demonspawn Fighter)        Turns: 1732, Time: 00:02:42

Health: -1/29      AC: 10    Str: 21    XL:     3   Next: 94%
Magic:  2/3        EV: 12    Int: 10    God:
Gold:   129        SH: 10    Dex: 17    Spells: 2/2 levels left

rFire    . . .     SeeInvis .   a - +0 war axe
rCold    . . .     Gourm    .   c - +0 shield
rNeg     . . .     Faith    .   b - +0 scale mail
rPois    .         Spirit   +   (no helmet)
rElec    .         Reflect  .   (no cloak)
rCorr    .         Harm     .   e - +1 pair of gloves (curse)
MR       .....                  (no boots)
Stlth    +.........             (no amulet)
HPRegen  0.09/turn              h - ring of wizardry {Wiz+, !d}
MPRegen  0.08/turn              (no ring)

@: mighty, agile, lethally poisoned (-1 -> -20), drained
A: slimy green scales 1, magic shield
a: no special abilities


You were on level 2 of the Dungeon.
You were hungry.

You visited 1 branch of the dungeon, and saw 3 of its levels.

You collected 129 gold pieces.

Inventory:

Hand Weapons
 a - a +0 war axe (weapon)
Armour
 b - a +0 scale mail (worn)
 c - a +0 shield (worn)
 e - a cursed +1 pair of gloves (worn)
   (You found it on level 1 of the Dungeon)
Jewellery
 h - a ring of wizardry (left hand) {Wiz+, !d}
   (You found it on level 1 of the Dungeon)
Scrolls
 i - a scroll of amnesia {unknown}
 k - a scroll of teleportation
 l - a scroll of enchant armour
 m - a scroll of identify {unknown}
 n - a scroll of fog
 o - a scroll of fear
 p - a scroll of random uselessness {unknown}
 r - a scroll of enchant weapon {unknown}
Comestibles
 f - 4 rations


   Skills:
 + Level 3.4(3.2) Fighting
 * Level 2.8(2.6) Axes
 + Level 3.1(2.9) Armour
 + Level 3.1(3.0) Shields


You had 2 spell levels left.
You didn't know any spells.

Dungeon Overview and Level Annotations

Branches:
Dungeon (3/15)

Altars:


Innate Abilities, Weirdness & Mutations

You are partially covered in slimy green scales. (AC +2)
When hurt, damage is shared between your health and your magic reserves.


Message History

You block the rat's attack. You block the orc's attack.
There is a stone staircase leading up, spattered with blood here.
You take 2 damage, and have 27/29 hp.
Okay, then.
The orc barely misses you. The rat bites you. You block the orc's attack.
The orc hits you but does no damage.
You feel drained. The orc hits you with a flail!
You climb upwards.
There is a stone staircase leading down here.
You see here 3 scrolls of noise {!r}.
You take 6 damage, and have 21/29 hp.
MASSIVE DAMAGE!!
You now have 2/3 mp.
The rat closely misses you.
The orc hits you with a falchion of venom.
You are poisoned.
You take 1 damage, and have 20/29 hp.
You now have 1/3 mp.
You feel sick.
You take 1 damage, and have 19/29 hp.
You feel sick.
You take 1 damage, and have 18/29 hp.
You block the rat's attack. The orc hits you but does no damage.
You feel sick. The orc hits you but does no damage.
You take 1 damage, and have 17/29 hp.
You hit the orc. You closely miss the orc. The orc hits you but does no damage.
You barely miss the orc.
You feel sick. The orc completely misses you.
You take 1 damage, and have 16/29 hp.
You slash the orc!
You kill the orc!
You barely miss the orc. The orc barely misses you. You block the orc's attack.
You completely miss the orc. You slash the orc!
You kill the orc!
You feel sick. The orc hits you but does no damage. You block the rat's attack.
You take 1 damage, and have 16/29 hp.
You slash the orc!
You kill the orc!
You hit the rat.
You kill the rat!
The orc hits you with a falchion of venom.
You are lethally poisoned!
You take 4 damage, and have 12/29 hp.
You hit the orc.
You feel sick. The orc hits you but does no damage.
You are more poisoned.
You take 2 damage, and have 10/29 hp.
You closely miss the orc.
* * * LOW HITPOINT WARNING * * *
You feel sick. You block the orc's attack.
You take 2 damage, and have 8/29 hp.
Unknown command.
You closely miss the orc.
* * * LOW HITPOINT WARNING * * *
You feel very sick. You block the orc's attack.
The orc hits you but does no damage.
You take 3 damage, and have 5/29 hp.
Okay, then.
You hit the orc.
* * * LOW HITPOINT WARNING * * *
You feel sick. The orc hits you but does no damage.
You are more poisoned.
You take 2 damage, and have 3/29 hp.
It was a potion of agility.
You feel agile all of a sudden.
* * * LOW HITPOINT WARNING * * *
You feel sick. You block the orc's attack.
You take 1 damage, and have 2/29 hp.
It was a potion of curing.
You feel better. The orc hits you but does no damage.
You regained 8 hp, and now have 10/29 hp.
MP restored: 3 You closely miss the orc.
The orc closely misses you.
Your scale mail prevents you from hitting the orc.
You block the orc's attack. The orc hits you but does no damage.
You are poisoned.
You closely miss the orc.
You feel sick. You block the orc's attack.
You take 1 damage, and have 9/29 hp.
You closely miss the orc.
You feel sick.
The orc hits you with a falchion of venom.
* * * LOW HITPOINT WARNING * * *
You are lethally poisoned!
You take 2 damage, and have 7/29 hp.
You now have 2/3 mp.
You barely miss the orc.
* * * LOW HITPOINT WARNING * * *
You feel sick. The orc hits you but does no damage.
You are more poisoned.
You block the orc's attack.
You take 2 damage, and have 5/29 hp.
You hit the orc.
* * * LOW HITPOINT WARNING * * *
You feel very sick. You block the orc's attack.
You take 3 damage, and have 2/29 hp.
Unknown command.
You slash the orc!
You kill the orc!
* * * LOW HITPOINT WARNING * * *
You feel sick.
You take 1 damage, and have 1/29 hp.
You feel very mighty all of a sudden.
You die...

#..# #.####.#.# #.#.. #..#
##........# #.#.# #..#
##.......### #######'#.# #..#
#...<..#..# ##.........# #..#
#..###.#..## #.....>....# #..#
#..# #.....# #........... #..#
#..######.## #........... #..#
#..#.....)#####........... #..#
#..#...#.@)...............
##..####..###...##...............
............[..###...............
.############...##...............
.##.........#...##.....>.........
.##.#######.#...##...............
.##.# #.#....'...............
.##.# #.'....#...............
.##.# ###....#...............


There were no monsters in sight!

Vanquished Creatures
  2 dart slugs (D:1)
  3 leopard geckos
  4 orcs (D:2)
  2 giant cockroaches (D:1)
  3 goblins (D:1)
  11 hobgoblins
  3 jackals (D:2)
  5 kobolds
  9 bats
  2 frilled lizards
  5 rats
49 creatures vanquished.

Notes
Turn   | Place    | Note
-------+----------+-------------------------------------------
     0 | D:1      | shakethe the Demonspawn Fighter began the quest for the Orb.
     0 | D:1      | Reached XP level 1. HP: 18/18 MP: 1/1
    41 | D:1      | Reached skill level 2 in Axes
   173 | D:1      | Gained mutation: You are partially covered in slimy green scales. (AC +2) [demonic ancestry]
   173 | D:1      | Reached XP level 2. HP: 20/24 MP: 2/2
   350 | D:1      | Gained mutation: When hurt, damage is shared between your health and your magic reserves. [demonic ancestry]
   350 | D:1      | Reached XP level 3. HP: 26/29 MP: 3/3
   376 | D:1      | Reached skill level 3 in Shields
   573 | D:1      | Reached skill level 3 in Armour
  1721 | D:2      | HP: 5/29 [poisoned by an orc]
  1723 | D:2      | HP: 2/29 [poisoned by an orc]
  1728 | D:2      | HP: 7/29 [orc/falchion of venom (1)]
  1730 | D:2      | HP: 2/29 [poisoned by an orc]
  1732 | D:2      | Succumbed to an orc's poison

Skill      XL: |  1  2  3 |
---------------+----------+-----
Axes           | 2 |  2.8
Shields        | 3 |  3.1
Armour         | 3 |  3.1
Fighting       | |  3.4

Action                   || total
-------------------------++-------
Melee: War axe           ||   142
  Use: Scroll            ||     5
       Potion            ||     3
  Eat: Chunk             ||     2
Armor: Scale mail        ||    83
Dodge: Dodged            ||    51
Block: Shield            ||    87

Vault maps used:
D:1:      lightli_arrival_isolated_outpost, wad_floor_pattern_untrapped
D:2:      first_ration, minmay_misc_feat_nine_boxes
D:3:      gammafunk_wand_slinger, gup_sewer_entry_pipe,
          minmay_misc_feat_pillars, tso_metal_star, uniq_sigmund

Table legend:
 A = Turns spent in this place as a percentage of turns spent in the entire game.
 B = Non-inter-level travel turns spent in this place as a percentage of non-inter-level travel turns spent in the entire game.
 C = Inter-level travel turns spent in this place as a percentage of turns spent in this place.
 D = Turns resting spent in this place as a percentage of non-inter-level travel turns spent in this place.
 E = Turns spent auto-exploring this place as a percentage of non-inter-level travel turns spent in this place.
 F = Non-inter-level travel turns spent in this place divided by the number of levels of this place that you've seen.
                   A       B       C       D       E      F
               +-------+-------+-------+-------+-------+----------------------
         Total | 100.0 | 100.0 |   6.7 |   0.0 |  80.8 | 538.7
       Dungeon | 100.0 | 100.0 |   6.7 |   0.0 |  80.8 | 538.7
               +-------+-------+-------+-------+-------+----------------------

Table legend:
 A = Kills in this place as a percentage of kills in entire the game.
 B = Kills by you in this place as a percentage of kills by you in the entire game.
 C = Kills by friends in this place as a percentage of kills by friends in the entire game.
 D = Other kills in this place as a percentage of other kills in the entire game.
 E = Experience gained in this place as a percentage of experience gained in the entire game.
 F = Experience gained in this place divided by the number of levels of this place that you have seen.
                   A       B       C       D       E      F
               +-------+-------+-------+-------+-------+----------------------
         Total | 100.0 | 100.0 |   N/A |   N/A | 100.0 |  31.3
       Dungeon | 100.0 | 100.0 |   N/A |   N/A | 100.0 |  31.3
               +-------+-------+-------+-------+-------+----------------------
